 Dungeon Sprint DCSS version 0.30-a0-711-gf4ac18a38d (webtiles) character file.

Game seed: 17638530956092479070

10111 rocky1 the Sorcerer (level 20, -15/127 HPs)
             Began as a Deep Elf Earth Elementalist on Jan 23, 2023.
             Was an Initiate of Gozag.
             Shot with an arrow by a satyr (23 damage)
             ... in the Dungeon (Sprint VI: "Thunderdome").
             The game lasted 00:25:28 (2310 turns).

rocky1 the Sorcerer (Deep Elf Earth Elementalist)   Turns: 2310, Time: 00:25:29

Health: -15/127    AC: 10    Str:  7    XL:     20   Next: 48%
Magic:  9/56       EV: 21    Int: 36    God:    Gozag
Gold:   5120       SH:  0    Dex: 18    Spells: 42/61 levels left

rFire   + . .      SeeInvis +    a - staff of earth
rCold   + + .      Faith    +    (no shield)
rNeg    + . .      Spirit   .    p - +2 robe "Fus Asuipy" {rF+ SInv}
rPois   +          Reflect  .    s - +1 hat "Rehueh" {Str+2 Slay+5}
rElec   .          Harm     .    (no cloak)
rCorr   +          Rampage  .    (no gloves)
Will    ++...      NoTele   +    u - +0 pair of boots {Stlth+}
Stlth   +++                      m - amulet of the Distant Future {Faith MP+9 Int+3}
HPRegen 0.41/turn                H - ring "Xehodio" {Contam rC+ rN+ AC+4 Dex+3}
MPRegen 0.35/turn                x - ring "Wuruer Numm" {rPois rC+ rCorr Int+3 Slay+4}

@: afraid
A: no striking features
}: 2/15 runes: decaying, barnacled
a: Renounce Religion, Potion Petition, Call Merchant, Bribe Branch


You were in the Dungeon.
You worshipped Gozag.
Gozag was greatly pleased with you.
You visited 1 branch You collected 13043 gold pieces.
You spent 7923 gold pieces at shops.

Inventory:

Armour
 p - the +2 robe "Fus Asuipy" (worn) {rF+ SInv}
   (You bought it in a shop in the Dungeon)

   rF:        It protects you from fire.
   SInv:      It lets you see invisible.
 s - the +1 hat "Rehueh" (worn) {Str+2 Slay+5}
   (You bought it in a shop in the Dungeon)

   Str:       It affects your strength (+2).
   Slay:      It affects your accuracy & damage with ranged weapons and melee
   (+5).
 u - a +0 pair of boots of stealth (worn)
Magical Staves
 a - a staff of earth (weapon)
Jewellery
 m - the amulet of the Distant Future (around neck) {Faith MP+9 Int+3}
   (You bought it in a shop in the Dungeon)

   [amulet of faith]

   It allows you to gain divine favour quickly.
   Int:       It affects your intelligence (+3).
   MP:        It affects your magic capacity (+9).
 x - the ring "Wuruer Numm" (right hand) {rPois rC+ rCorr Int+3 Slay+4}
   (You bought it in a shop in the Dungeon)

   [ring of slaying]

   Int:       It affects your intelligence (+3).
   Slay:      It affects your accuracy & damage with ranged weapons and melee
   (+4).
   rC:        It protects you from cold.
   rPois:     It protects you from poison.
   rCorr:     It protects you from acid and corrosion.
 z - the ring of Ethics {MP+9 Slay+2}
   (You bought it in a shop in the Dungeon)

   [ring of magical power]

   Slay:      It affects your accuracy & damage with ranged weapons and melee
   (+2).
   MP:        It affects your magic capacity (+9).
 C - the ring of Hocegeis {Wiz SInv}
   (You bought it in a shop in the Dungeon)

   [ring of wizardry]

   It improves your spell success rate.
   SInv:      It lets you see invisible.
 G - the ring "Yfaste Yckuo" {rC++ rN+}
   (You bought it in a shop in the Dungeon)

   [ring of positive energy]

   rC:        It greatly protects you from cold.
   rN:        It protects you from negative energy.
 H - the ring "Xehodio" (left hand) {Contam rC+ rN+ AC+4 Dex+3}
   (You bought it in a shop in the Dungeon)

   [ring of protection]

   AC:        It affects your AC (+4).
   Dex:       It affects your dexterity (+3).
   rC:        It protects you from cold.
   rN:        It protects you from negative energy.
   Contam:    It causes magical contamination when unequipped.
Wands
 i - a wand of light (5)
 j - a wand of roots (5)
Scrolls
 g - 21 scrolls of blinking
 k - 3 scrolls of fog
Potions
 c - 5 potions of curing
 d - 4 potions of heal wounds
 e - 4 potions of haste
 f - a potion of berserk rage
 h - a potion of resistance
 l - 2 potions of lignification {unknown}
 t - 8 potions of magic


   Skills:
 + Level 14.2 Fighting
 + Level 12.2 Staves
 + Level 14.0 Dodging
 - Level 2.4 Stealth
 + Level 21.2 Spellcasting
 + Level 17.6 Conjurations
 - Level 3.7 Transmutations
 + Level 18.3 Earth Magic


You had 42 spell levels left.
You knew the following spells:

 Your Spells              Type           Power      Damage    Failure   Level
a - Sandblast             Erth           100%       2d20      0%          1
b - Stone Arrow           Conj/Erth      100%       3d13      0%          3
c - Lee's Rapid Deconstr  Erth           65%        3d30*     0%          5
d - Petrify               Tmut/Erth      100%       N/A       1%          4
e - Iron Shot             Conj/Erth      64%        9d12      1%          6

Your spell library contained the following spells:

 Spells                   Type           Power      Damage    Failure   Level
 Passwall                 Tmut/Erth      90%        N/A       0%          2
 Iskenderun's Battlesphe  Conj           100%       2d15      0%          5
 Leda's Liquefaction      Hex/Erth       51%        N/A       1%          4
 Statue Form              Tmut/Erth      72%        N/A       1%          6
 Spellforged Servitor     Conj/Summ      40%        N/A       17%         7


Dungeon Overview and Level Annotations

Branches:
Dungeon (1/1)

Altars:
Cheibriados
Dithmenos
Fedhas
Gozag
Kikubaaqudgha
Makhleb
Okawaru
Qazlal
Ru
Sif Muna
Trog
Uskayaw
Vehumet
Wu Jian
Xom
Yredelemnul
Zin
The Shining One
Lugonu

Shops:
D [??*?*:[((!!!!

Annotations:
D Agnes


Message History

Press: ? - help, Shift-Dir - straight line, f/p - Agnes
Aim: Agnes, wielding a +2 vampiric lajatang and wearing a +2 robe of fire resistance (moderately wounded, 56% to hit)
You feel a surge of power!
The iron shot hits Agnes!!!
Agnes is heavily wounded.
Agnes closely misses you.
The satyr plays a frightful melody on his pipes!
The satyr radiates an aura of fear!
You are terrified of the satyr!
Agnes hits you with a +2 vampiric lajatang!
Casting: Iron Shot (safe; 1% risk of failure)
Confirm with . or Enter, or press ? or * to list all spells.
Aiming: Iron Shot (safe; 1% risk of failure)
Press: ? - help, Shift-Dir - straight line, f/p - Agnes
Aim: Agnes, wielding a +2 vampiric lajatang and wearing a +2 robe of fire resistance (heavily wounded, 56% to hit)
You feel a surge of power!
The iron shot hits Agnes!!!!
Agnes is severely wounded.
Agnes misses you.
The satyr shoots an arrow.
The arrow closely misses you.
Agnes hits you with a +2 vampiric lajatang!
Agnes draws strength from your wounds!
Casting: Iron Shot (safe; 1% risk of failure)
Confirm with . or Enter, or press ? or * to list all spells.
Aiming: Iron Shot (safe; 1% risk of failure)
Press: ? - help, Shift-Dir - straight line, f/p - Agnes
Aim: Agnes, wielding a +2 vampiric lajatang and wearing a +2 robe of fire resistance (severely wounded, 56% to hit)
You feel a surge of power!
The iron shot hits Agnes!!!
Agnes is almost dead.
The satyr shoots an arrow.
The arrow hits you!!
* * * LOW HITPOINT WARNING * * *
Agnes hits you with a +2 vampiric lajatang!!
* * * LOW HITPOINT WARNING * * *
Agnes draws strength from your wounds!
Casting: Iron Shot (safe; 1% risk of failure)
Confirm with . or Enter, or press ? or * to list all spells.
Aiming: Iron Shot (safe; 1% risk of failure)
Press: ? - help, Shift-Dir - straight line, f/p - Agnes
Aim: Agnes, wielding a +2 vampiric lajatang and wearing a +2 robe of fire resistance (almost dead, 56% to hit)
You feel a surge of power!
The iron shot misses Agnes.
Agnes completely misses you.
The satyr shoots an arrow.
The arrow hits you!!
You die...
Your body crumbles into a pile of gold.

#_......._ #_......._
#_......._
###..)......
#§........).
######.8....))...
##._._......###.[[
###=...[..).8.# #.8.
##..@i.....b)..###...
#§..........###...###
#⌠c....([...# #.<.# #
#⌠..........###...###
##.............###.|.
###∩......[.8.# #.8.
##∩___(.....###[..
######(8.........
#⌠........).


You could see Agnes and a satyr (scary).

Vanquished Creatures
  the Lernaean hydra (D)
  Ilsuiw (D)
  Rupert (D)
  A storm dragon (D)
  A merfolk aquamancer (D)
  A centaur warrior (D)
  Erica (D)
  A merfolk avatar (D)
  2 fire crabs (shapeshifter) (D)
  A goliath frog (D)
  A sea snake (D)
  8 bog bodies (D)
  A harpy (D)
  3 deep elf pyromancers (D)
  3 deep elf zephyrmancers (D)
  A manticore (D)
  3 cyclopes (D)
  2 merfolk sirens (D)
  A water nymph (D)
  A yaktaur (shapeshifter) (D)
  2 rime drakes (D)
  A kobold demonologist (D)
  2 guardian mummies (D)
  A komodo dragon (D)
  A troll (shapeshifter) (D)
  A hornet (shapeshifter) (D)
  3 hornets (D)
  A tarantella (shapeshifter) (D)
  A slime creature (D)
  A stone giant simulacrum (D)
  3 water elementals (D)
  Sigmund (D)
  2 air elementals (D)
  A vampire (D)
  A yak (D)
  A yak (shapeshifter) (D)
  8 vampire mosquitoes (D)
  Menkaure (D)
  A hydra simulacrum (D)
  8 sky beasts (D)
  A centaur (D)
  2 necrophages (D)
  A hound (D)
  Jessica (D)
  Terence (D)
  An orc wizard (D)
  A spriggan simulacrum (D)
  4 mummies (D)
  A gnoll (D)
  A goblin (D)
  2 kobolds (D)
  A quokka (D)
  2 frilled lizards (D)
95 creatures vanquished.

Vanquished Creatures (others)
  An unseen horror (shapeshifter) (D)
1 creature vanquished.

Grand Total: 96 creatures vanquished

Notes
Turn   | Place    | Note
-------+----------+-------------------------------------------
     0 | D        | rocky1 the Deep Elf Earth Elementalist began the quest for
                  | the Orb.
     0 | D        | Reached XP level 1. HP: 10/10 MP: 6/6
     3 | D        | Found a glowing silver altar of Zin.
     3 | D        | Found an opulent altar of Gozag.
     4 | D        | Found a burning altar of Makhleb.
     5 | D        | Found an iron altar of Okawaru.
     5 | D        | Found an ornate altar of the Wu Jian Council.
     5 | D        | Round 1.
     6 | D        | Found a sacrificial altar of Ru.
     6 | D        | Found a bloodstained altar of Trog.
     6 | D        | Found Diunwu's Magic Scroll Shop.
     6 | D        | Found Upsuaroeqe's Staff Store.
     7 | D        | Found Ociheff's Magic Scroll Shop.
     7 | D        | Found Xafysch's Must-Have Magic.
     9 | D        | Noticed Jessica
    11 | D        | Became a worshipper of Gozag Ym Sagoz the Greedy
    21 | D        | Killed Jessica
    22 | D        | Reached skill level 5 in Spellcasting
    22 | D        | Reached XP level 2. HP: 15/15 MP: 5/10
    27 | D        | Found Jyimyan's Distillery.
    29 | D        | Found Roiniss's Distillery.
    29 | D        | Found Losud's Bottled Wisdom.
    30 | D        | Found a shimmering blue altar of Sif Muna.
    30 | D        | Found a corrupted altar of Lugonu.
    30 | D        | Found an ancient bone altar of Kikubaaqudgha.
    30 | D        | Found Cithaimi's Do-It-Yourself Clinic.
    34 | D        | Found a shimmering altar of Xom.
    35 | D        | Found a stormy altar of Qazlal.
    37 | D        | Found Orhigofa's Weapon Rack.
    39 | D        | Found a radiant altar of Vehumet.
    39 | D        | Found a snail-covered altar of Cheibriados.
    39 | D        | Found a basalt altar of Yredelemnul.
    39 | D        | Found Eruzu's Premium Goods.
    41 | D        | Found Iddin's Basic Armour.
    41 | D        | Found Ofoamab's Miscellaneous Merchandise.
    44 | D        | Found a shadowy altar of Dithmenos.
    45 | D        | Found a glowing golden altar of the Shining One.
    46 | D        | Found a blossoming altar of Fedhas.
    47 | D        | Found Jyimuk's Identification Station.
    49 | D        | Found a hide-covered altar of Uskayaw.
    50 | D        | Found Tyteexin's Advanced Armour.
    50 | D        | Found Haonakh's Jewellery.
    63 | D        | Reached skill level 5 in Earth Magic
    63 | D        | Reached XP level 3. HP: 19/19 MP: 9/11
   103 | D        | Arena points: 12 (+12) [x2]
   114 | D        | Learned a level 3 spell: Stone Arrow
   147 | D        | Round 2.
   155 | D        | Noticed Terence
   161 | D        | Killed Terence
   162 | D        | Reached skill level 1 in Fighting
   162 | D        | Reached skill level 6 in Spellcasting
   162 | D        | Reached skill level 1 in Conjurations
   240 | D        | Noticed Sigmund
   242 | D        | Killed Sigmund
   243 | D        | Reached skill level 8 in Spellcasting
   243 | D        | Reached skill level 5 in Conjurations
   243 | D        | Reached XP level 4. HP: 21/29 MP: 10/16
   243 | D        | Reached XP level 5. HP: 24/33 MP: 11/18
   270 | D        | Arena points: 54 (+42) [x3]
   320 | D        | Bought a steaming lead amulet for 45 gold pieces
   320 | D        | Identified the amulet of the Distant Future {Faith MP+9
                  | Int+3} (You bought it in a shop in the Dungeon)
   320 | D        | Bought a vibrating golden amulet for 45 gold pieces
   320 | D        | Identified the amulet "Omenen" {Regen+ Str+3 Dex+3} (You
                  | bought it in a shop in the Dungeon)
   320 | D        | Bought a sparkling ivory amulet for 45 gold pieces
   320 | D        | Identified the amulet "Geokk" {Faith rC+ Dex+4} (You bought
                  | it in a shop in the Dungeon)
   325 | D        | Bought a flickering tin ring for 45 gold pieces
   325 | D        | Identified the ring of Bousei {Will- rCorr Str+2 SInv} (You
                  | bought it in a shop in the Dungeon)
   325 | D        | Bought a bound bronze ring for 45 gold pieces
   325 | D        | Identified the ring "Tudedgh" {Wiz rPois rF- Will- Int+6}
                  | (You bought it in a shop in the Dungeon)
   325 | D        | Bought a shimmering bronze ring for 45 gold pieces
   325 | D        | Identified the ring of Xom's Flight of Fancy {Will+ EV+5
                  | Int+2} (You bought it in a shop in the Dungeon)
   335 | D        | Bought an ominously black robe for 199 gold pieces
   335 | D        | Identified the +2 robe "Fus Asuipy" {rF+ SInv} (You bought
                  | it in a shop in the Dungeon)
   335 | D        | Bought a twisted hat for 315 gold pieces
   335 | D        | Identified the +1 hat "Rehueh" {Str+2 Slay+5} (You bought
                  | it in a shop in the Dungeon)
   349 | D        | Round 3.
   370 | D        | Noticed a deep elf zephyrmancer
   371 | D        | HP: 1/33 [deep elf zephyrmancer/bolt of lightning (32)]
   374 | D        | Noticed a deep elf pyromancer
   375 | D        | Killed a deep elf zephyrmancer
   376 | D        | Reached skill level 11 in Spellcasting
   376 | D        | Reached XP level 6. HP: 41/41 MP: 18/22
   376 | D        | Reached XP level 7. HP: 46/46 MP: 18/23
   376 | D        | Noticed a fire elemental
   378 | D        | Noticed a fire elemental
   378 | D        | Noticed a fire elemental
   386 | D        | Killed a deep elf pyromancer
   387 | D        | Reached skill level 12 in Spellcasting
   387 | D        | Reached skill level 10 in Earth Magic
   387 | D        | Reached XP level 8. HP: 35/52 MP: 8/26
   403 | D        | Noticed a deep elf zephyrmancer
   404 | D        | Noticed a deep elf zephyrmancer
   411 | D        | Killed a deep elf zephyrmancer
   418 | D        | Killed a deep elf zephyrmancer
   419 | D        | Reached skill level 13 in Spellcasting
   419 | D        | Reached skill level 10 in Conjurations
   440 | D        | Bought a book of the Earth for 252 gold pieces
   467 | D        | Noticed a deep elf pyromancer
   472 | D        | Killed a deep elf pyromancer
   473 | D        | Reached skill level 14 in Spellcasting
   473 | D        | Reached XP level 9. HP: 60/60 MP: 18/29
   480 | D        | Arena points: 138 (+84) [x4]
   510 | D        | Round 4.
   543 | D        | Noticed a guardian mummy
   545 | D        | Noticed Menkaure
   548 | D        | Killed a guardian mummy
   550 | D        | Killed Menkaure
   593 | D        | Noticed a guardian mummy
   598 | D        | Killed a guardian mummy
   598 | D        | Arena points: 298 (+160) [x5]
   599 | D        | Reached skill level 15 in Spellcasting
   618 | D        | Bought a staff of earth for 750 gold pieces
   678 | D        | Round 5.
   679 | D        | Noticed a goliath frog
   682 | D        | Noticed the 27-headed Lernaean hydra
   688 | D        | Bought 4 scrolls of blinking for 300 gold pieces
   692 | D        | Killed a goliath frog
   706 | D        | Killed the 27-headed Lernaean hydra
   706 | D        | Arena points: 578 (+280) [x7]
   707 | D        | Reached skill level 10 in Fighting
   707 | D        | Reached skill level 16 in Spellcasting
   707 | D        | Reached XP level 10. HP: 53/68 MP: 24/32
   709 | D        | Got a decaying rune of Zot
   730 | D        | Learned a level 5 spell: Lee's Rapid Deconstruction
   735 | D        | Learned a level 4 spell: Petrify
   743 | D        | Bought a book of Power for 294 gold pieces
   750 | D        | Learned a level 6 spell: Iron Shot
   800 | D        | Reached skill level 5 in Dodging
   800 | D        | Reached XP level 11. HP: 73/73 MP: 33/33
   851 | D        | Bought 4 potions of curing for 84 gold pieces
   851 | D        | Bought 3 potions of heal wounds for 105 gold pieces
   889 | D        | Round 6.
   907 | D        | Reached skill level 17 in Spellcasting
  1005 | D        | Noticed Erica
  1007 | D        | Reached skill level 15 in Earth Magic
  1008 | D        | Killed Erica
  1008 | D        | Arena points: 1010 (+432) [x8]
  1078 | D        | Round 7.
  1080 | D        | Noticed a centaur warrior
  1086 | D        | Killed a centaur warrior
  1149 | D        | Noticed Rupert
  1152 | D        | Reached skill level 18 in Spellcasting
  1153 | D        | Paralysed by Rupert for 4 turns
  1162 | D        | Killed Rupert
  1163 | D        | Reached skill level 15 in Conjurations
  1163 | D        | Reached XP level 12. HP: 50/81 MP: 17/36
  1228 | D        | Arena points: 1514 (+504) [x9]
  1264 | D        | Round 8.
  1278 | D        | Bought 5 scrolls of blinking for 375 gold pieces
  1278 | D        | Bought 3 scrolls of blinking for 225 gold pieces
  1280 | D        | Bought 5 scrolls of blinking for 375 gold pieces
  1280 | D        | Bought 4 scrolls of blinking for 300 gold pieces
  1280 | D        | Bought 3 scrolls of blinking for 225 gold pieces
  1329 | D        | Reached skill level 19 in Spellcasting
  1379 | D        | Arena points: 2234 (+720) [x10]
  1421 | D        | Bought 3 potions of experience for 900 gold pieces
  1421 | D        | Bought 3 potions of experience for 900 gold pieces
  1450 | D        | Round 9.
  1473 | D        | Reached XP level 13. HP: 80/87 MP: 36/38
  1474 | D        | Reached XP level 14. HP: 85/92 MP: 36/39
  1475 | D        | Reached skill level 5 in Staves
  1475 | D        | Reached XP level 15. HP: 90/97 MP: 36/40
  1476 | D        | Reached XP level 16. HP: 96/103 MP: 36/41
  1480 | D        | Reached skill level 10 in Dodging
  1480 | D        | Reached XP level 17. HP: 102/108 MP: 29/42
  1481 | D        | Reached XP level 18. HP: 107/113 MP: 29/43
  1550 | D        | Reached skill level 10 in Staves
  1575 | D        | Arena points: 3323 (+1089) [x11]
  1616 | D        | Bought a potion of magic for 56 gold pieces
  1616 | D        | Bought 6 potions of magic for 336 gold pieces
  1616 | D        | Bought 6 potions of magic for 336 gold pieces
  1622 | D        | Bought a potion of experience for 300 gold pieces
  1622 | D        | Reached skill level 20 in Spellcasting
  1622 | D        | Reached XP level 19. HP: 111/119 MP: 18/45
  1640 | D        | Round 10.
  1655 | D        | Noticed Ilsuiw
  1667 | D        | Killed Ilsuiw
  1667 | D        | Arena points: 4493 (+1170) [x13]
  1670 | D        | Got a barnacled rune of Zot
  1677 | D        | Reached XP level 20. HP: 74/125 MP: 12/46
  1816 | D        | Bought a slimy robe for 199 gold pieces
  1816 | D        | Identified the +5 robe of the Blind Marksman {Fly rN+ Dex-3
                  | Slay+4} (You bought it in a shop in the Dungeon)
  1816 | D        | Bought a slimy cloak for 332 gold pieces
  1816 | D        | Identified the +0 cloak of Winter {Harm rC- Int+3 Stlth+}
                  | (You bought it in a shop in the Dungeon)
  1822 | D        | Bought a scorched marble ring for 45 gold pieces
  1822 | D        | Identified the ring "Wuruer Numm" {rPois rC+ rCorr Int+3
                  | Slay+4} (You bought it in a shop in the Dungeon)
  1822 | D        | Bought a sparkling marble ring for 45 gold pieces
  1822 | D        | Identified the ring "Jedaocs" {rC+ EV+5 Stlth+} (You bought
                  | it in a shop in the Dungeon)
  1876 | D        | Round 11.
  1901 | D        | Paralysed by an air elemental for 1 turns
  1910 | D        | Paralysed by an air elemental for 1 turns
  1913 | D        | Paralysed by an air elemental for 1 turns
  1929 | D        | Arena points: 6341 (+1848) [x14]
  1967 | D        | Round 12.
  2016 | D        | Arena points: 8321 (+1980) [x15]
  2031 | D        | Round 13.
  2091 | D        | Arena points: 9985 (+1664) [x16]
  2106 | D        | Round 14.
  2176 | D        | Reached skill level 21 in Spellcasting
  2272 | D        | Arena points: 10111 (+126) [x1]
  2287 | D        | Round 15.
  2289 | D        | Bought a coiled lapis lazuli ring for 45 gold pieces
  2289 | D        | Identified the ring of Ethics {MP+9 Slay+2} (You bought it
                  | in a shop in the Dungeon)
  2289 | D        | Bought a smoking jade ring for 45 gold pieces
  2289 | D        | Identified the ring "Unnatumy" {rF+ rCorr Dex-2 SInv} (You
                  | bought it in a shop in the Dungeon)
  2289 | D        | Bought a warped bronze ring for 45 gold pieces
  2289 | D        | Identified the ring "Deathry" {Drain rPois Str+4 Dex+3
                  | SInv} (You bought it in a shop in the Dungeon)
  2289 | D        | Bought a translucent pewter ring for 45 gold pieces
  2289 | D        | Identified the ring of Hocegeis {Wiz SInv} (You bought it
                  | in a shop in the Dungeon)
  2289 | D        | Bought a steaming lapis lazuli ring for 45 gold pieces
  2289 | D        | Identified the ring "Xeiwine" {rPois rN+ rCorr Int-2} (You
                  | bought it in a shop in the Dungeon)
  2289 | D        | Bought a steaming granite ring for 45 gold pieces
  2289 | D        | Identified the ring "Ucucir" {rCorr MP+9} (You bought it in
                  | a shop in the Dungeon)
  2289 | D        | Bought a sparkling silver ring for 45 gold pieces
  2289 | D        | Identified the ring "Ikua" {Fly rN+ Will+} (You bought it
                  | in a shop in the Dungeon)
  2289 | D        | Bought a pitted bone ring for 45 gold pieces
  2289 | D        | Identified the ring "Yfaste Yckuo" {rC++ rN+} (You bought
                  | it in a shop in the Dungeon)
  2289 | D        | Bought a coiled glass ring for 45 gold pieces
  2289 | D        | Identified the ring "Xehodio" {Contam rC+ rN+ AC+4 Dex+3}
                  | (You bought it in a shop in the Dungeon)
  2298 | D        | Noticed Agnes
  2310 | D        | Shot with an arrow by a satyr

Illustrated notes

Levels and vault maps discovered:
D:        arena_sprint

Skill      XL: |  1  2  3  4  5  6  7  8  9 10 11 12 13 14 15 16 17 18 19 20 |
---------------+-------------------------------------------------------------+-----
Spellcasting   | 5 8 11 12 14 16 18 19 20 21 | 21.2
Transmutations | 3 |  3.7
Earth Magic    | 4 5 7 9 10 12 14 15 16 17 18 | 18.3
Fighting       | 3 6 8 10 12 13 14 | 14.2
Conjurations   | 5 8 9 11 13 15 16 17 | 17.6
Dodging        | 5 6 7 8 9 11 12 14 | 14.0
Staves         | 3 4 5 6 8 9 10 11 12 | 12.2
Stealth        | |  2.4

Action                     |  1- 3 |  4- 6 |  7- 9 | 10-12 | 13-15 | 16-18 | 19-21 || total
---------------------------+-------+-------+-------+-------+-------+-------+-------++-------
  Melee: Staff             |       |       |       |     5 |       |     7 |    15 ||    27
   Cast: Sandblast         |    13 |     7 |     4 |     5 |       |       |    11 ||    40
         Stone Arrow       |       |     3 |    40 |    24 |       |    16 |    56 ||   139
         Iron Shot         |       |       |       |    18 |       |     3 |    26 ||    47
         Lee's Rapid Decon |       |       |       |     1 |       |       |       ||     1
    Use: Potion            |       |     1 |     2 |     3 |     3 |     3 |     8 ||    20
         Scroll            |       |       |     5 |     2 |       |       |       ||     7
   Stab: Distracted        |       |       |       |     1 |       |     1 |       ||     2
 Armour: Robe              |       |       |     3 |     5 |       |       |    11 ||    19
  Dodge: Dodged            |       |     4 |     6 |    19 |       |     9 |    68 ||   106

Table legend: (Time is in decaauts)
 A = Elapsed time spent in this place.
 B = Non-inter-level travel time spent in this place.
 C = Inter-level travel time spent in this place.
 D = Time resting spent in this place.
 E = Time spent auto-exploring this place.
 F = Levels seen in this place.
 G = Mean time per level.
                   A        B        C        D        E       F      G
               +--------+--------+--------+--------+--------+-----+--------+
         Total |   2321 |   2321 |      0 |    617 |      0 |   1 | 2321.0 |
       Dungeon |   2321 |   2321 |      0 |    617 |      0 |   1 | 2321.0 |
               +--------+--------+--------+--------+--------+-----+--------+

Top non-repeatable levels by time:
       D: 2321 daAuts
